Cogmind - Beta 16 @@@ ROGUE MODE // 2026.01.15 @ 17:58:15 Player: MrFartsburg Result: Destroyed by G-34 Mercenary with Small Laser Performance ------------- Evolutions (1) 500 Regions Visited (3) 600 Robots Destroyed (12) 60 Value Destroyed (327) 327 Prototype IDs (0) 0 Alien Tech Used (0) 0 Bonus (-189) -189 TOTAL SCORE: 1298 Bonus ------- Friendly Fire -189 Cogmind --------- Core Integrity 0/400 Matter 272/300 Energy 38/100 System Corruption 0% Temperature Cool (12) Movement Core (250) Ox4 Location -9/Materials Parts ------- > --- POWER (1) -------- (None) > --- PROPULSION (2) --- (None) > --- UTILITY (4) ------ Hacking Suite Improved Trap Extractor (0/6) Field Recycling Unit > --- WEAPON (2) ------- Beam Rifle > --- INVENTORY (5) ---- Airjet Peak State ------------ > --- POWER ------------ Deuterium Engine > --- PROPULSION ------- Wheel Airjet > --- UTILITY ---------- Thermal Generator Terrain Scanner Reactive Plating Hacking Suite > --- WEAPON ----------- Small Laser Ion Cannon > --- INVENTORY -------- Improved Trap Extractor Small Laser [Rating: 21] Favorites ----------- Power Deuterium Engine Engine Deuterium Engine Propulsion Wheel Treads Light Treads Wheel Wheel Hover Unit Airjet Utility Terrain Scanner Device Terrain Scanner Storage Small Storage Unit Hackware Hacking Suite Protection Reactive Plating Weapon Small Laser Energy Gun Small Laser Energy Cannon Ion Cannon Ballistic Gun Heavy Assault Rifle Build | -11 -10 -10 -9 ------- Run | Yrd Mat Min Mat Slots Evolved 2 | . . . 2 Power . | . . . . Propulsion . | . . . . Utility 2 | . . . 2 Weapon . | . . . . Parts Attached 21 | 6 1 8 6 Power 3 | 1 1 1 . Engine 3 | 1 1 1 . Core . | . . . . Reactor . | . . . . Propulsion 6 | 2 . 3 1 Treads 2 | 2 . . . Leg . | . . . . Wheel 3 | . . 2 1 Hover 1 | . . 1 . Flight . | . . . . Utility 7 | 1 . 3 3 Device 4 | . . 3 1 Storage 1 | 1 . . . Processor . | . . . . Hackware 1 | . . . 1 Protection 1 | . . . 1 Artifact . | . . . . Weapon 5 | 2 . 1 2 Energy Gun 3 | 2 . . 1 Energy Cannon 1 | . . 1 . Ballistic Gun 1 | . . . 1 Ballistic Cannon . | . . . . Launcher . | . . . . Special Weapon . | . . . . Impact Weapon . | . . . . Slashing Weapon . | . . . . Piercing Weapon . | . . . . Special Melee Weapon . | . . . . Unidentified Prototypes . | . . . . Parts Lost 9 | . . . 9 Power 1 | . . . 1 Propulsion 2 | . . . 2 Utility 3 | . . . 3 Weapon 3 | . . . 3 Highest Loss Streak 9 | . . . 9 To Critical Strikes . | . . . . Average Backups 2 | 1 1 3 3 Power . | . . . . Propulsion . | . 1 1 . Utility 1 | . . 1 1 Weapon . | . . . 1 Tool/Special . | . . . . Unused Backups 1 | . . 1 . Power . | . . . . Propulsion . | . . . . Utility . | . . . . Weapon . | . . . . Tool/Special 1 | . . 1 . Average Slot Usage (%) 90 | . 85 90 93 Engine 11 | . 14 13 9 Treads 6 | . 28 2 . Wheel 13 | . . 18 15 Hover 4 | . . 6 3 Device 14 | . . 13 22 Storage 5 | . 14 7 . Hackware 4 | . . . 11 Protection 3 | . . . 9 Energy Gun 18 | . 28 21 10 Energy Cannon 6 | . . 6 10 Peak Build Rating 21 | 6 6 16 21 Average Rating 12 | 4 6 10 19 On Entrance 7 | . 6 6 16 Avg Prop Armor Cover (%) 5 | . . 6 5 Naked Turns . | . . . . Heaviest Build 36 | 10 12 24 36 Greatest Support 40 | 40 40 40 20 Greatest Overweight (x) 6 | . . 2 6 Average Overweight (x) . | . . . 2 Largest Inventory Capacity 8 | 8 8 8 5 Average Capacity 6 | 6 8 6 5 Most Carried 5 | 5 3 5 5 Average Carried 3 | 1 1 3 3 Final Capacity 8 | 8 8 5 5 Final Carried 4 | 1 3 4 1 Class Distribution -------------------- 100% | Mutant Dominant Class ---------------- Mutant | -10/Materials Mutant | -10/Mines Mutant | -9/Materials Resources | -11 -10 -10 -9 ----------- Run | Yrd Mat Min Mat Matter Collected 380 | 170 50 26 134 Remotely . | . . . . Salvage Created 452 | 5 50 26 371 Parts 28 | 1 1 4 22 Haulers Intercepted . | . . . . Recyclers Shooed 1 | . . . 1 Parts Field Recycled . | . . . . Retrieved Matter . | . . . . Parts Self-Destructed . | . . . . Prevented . | . . . . Parts Restored . | . . . . Kills | -11 -10 -10 -9 ------- Run | Yrd Mat Min Mat Combat Hostiles Destroyed 7 | . 1 . 6 Guns 2 | . 1 . 1 Cannons 3 | . . . 3 AOE 1 | . . . 1 Classes Destroyed 5 | 1 1 1 2 Builder 1 | . . 1 . Tunneler 1 | 1 . . . Watcher 2 | . . . 2 Grunt 5 | . 1 . 4 Sentry 2 | . . . 2 Thug 1 | . . . 1 Best Kill Streak 4 | 1 1 1 4 Combat Bots Only 3 | . 1 . 3 Max Kills in Single Turn 2 | 1 1 1 2 Gunslinging . | . . . . Exploded 1 | . . . 1 Melee . | . . . . Uniques/NPCs Destroyed . | . . . . Combat | -11 -10 -10 -9 -------- Run | Yrd Mat Min Mat Hostile Shots Fired 196 | . 8 . 188 Missed 60 | . 1 . 59 Hits 136 | . 7 . 129 Projectile 136 | . 7 . 129 Damage Taken 1335 | . 79 5 1251 Core 412 | . 12 . 400 Absorbed by Shields . | . . . . Ignored by Resistances 37 | . . . 37 Core Remaining (%) 97 | 100 . 95 . Volleys Fired 30 | . 6 . 24 Largest 2 | . 2 . 2 Hottest 116 | . 80 . 116 Shots Fired 57 | . 12 . 45 Gun 34 | . 12 . 22 Cannon 23 | . . . 23 Launcher . | . . . . Special . | . . . . Kinetic 1 | . . . 1 Thermal 56 | . 12 . 44 Explosive . | . . . . Electromagnetic . | . . . . Robot Hit Streak 6 | . 3 . 6 Robot Miss Streak 4 | . 1 . 4 Penetration Max . | . . . . Secondary Targets . | . . . . Shots Hit Robots 31 | . 7 . 24 Core Hits 14 | . 2 1 11 Critical Kills 1 | . . . 1 Critical Parts Destroyed . | . . . . Critical Strikes 1 | . . . 1 Meltdown 1 | . . . 1 Melee Attacks . | . . . . Impact . | . . . . Slashing . | . . . . Piercing . | . . . . Sneak Attacks . | . . . . Combat Hostiles . | . . . . Follow-up Attacks . | . . . . Damage Inflicted 737 | 14 80 12 631 Guns 256 | . 80 . 176 Cannons 295 | . . . 295 Explosions 160 | . . . 160 Melee . | . . . . Ramming 26 | 14 . 12 . Kinetic 18 | . . . 18 Thermal 533 | . 80 . 453 Explosive 160 | . . . 160 Electromagnetic . | . . . . Impact . | . . . . Slashing . | . . . . Piercing . | . . . . Highest Corruption 1 | . . 1 . Average Corruption 1 | . . 1 . Corruption Purged . | . . . . Corruption Blocked . | . . . . Overload Shots . | . . . . Overflow Damage 60 | . . . 60 Projectiles . | . . . . Explosions 60 | . . . 60 Melee . | . . . . Knockbacks . | . . . . Impact . | . . . . Kinetic . | . . . . Secondary . | . . . . Self-Inflicted Damage 119 | . . 5 114 Shots 1 | . . . 1 Rammed 6 | 4 . 2 . Targets Rammed 7 | 5 . 2 . Kicked . | . . . . Crushed 1 | 1 . . . Highest Temperature 326 | . 120 . 326 Average Temperature 152 | . 54 . 171 Received Heat Transfer 159 | . 42 . 117 Siege Activations . | . . . . Martial Activations . | . . . . Shielding Activations . | . . . . Robots Disrupted . | . . . . Combat Hostiles . | . . . . Robots Corrupted . | . . . . Combat Hostiles . | . . . . Parts Fried . | . . . . Impact Corruptions . | . . . . Robots Melted 1 | . . . 1 Combat Hostiles 1 | . . . 1 Parts Melted 1 | . . . 1 Heat Transferred 1029 | . 175 . 854 Parts Sabotaged . | . . . . Parts Stolen . | . . . . Parts Stripped . | . . . . Power Chain Reactions . | . . . . Alert | -11 -10 -10 -9 ------- Run | Yrd Mat Min Mat Maximum Alert Level . | . . . . Low Security (%) 100 | 100 100 100 100 Level 1 . | . . . . Level 2 . | . . . . Level 3 . | . . . . Level 4 . | . . . . Level 5 . | . . . . High Security . | . . . . Max Security . | . . . . Peak Influence 135 | 5 20 5 135 Initial . | . . . . Average 10 | . 3 . 25 Influence Increases 258 | 5 25 5 223 Destroy 0b10 Robot/C 140 | . 20 . 120 Destroy 0b10 Robot/NC 20 | 5 . 5 10 Destroy Leader 34 | . . . 34 Successful Hack 23 | . 5 . 18 Disable Machine 15 | . . . 15 Destroy Structure 26 | . . . 26 Influence Decreases 213 | 5 25 5 178 Time Decay 123 | 5 25 5 88 Lost Part 90 | . . . 90 Squads Dispatched 1 | . . . 1 Investigation 1 | . . . 1 Extermination . | . . . . Reinforcement . | . . . . Assault . | . . . . Garrison . | . . . . Intercept . | . . . . Searches Triggered . | . . . . Construction Impeded . | . . . . Haulers Reinforced . | . . . . Active Scanning Responses . | . . . . Cargo Convoy Interrupts . | . . . . Stealth | -11 -10 -10 -9 --------- Run | Yrd Mat Min Mat Distress Signals 1 | . . . 1 Communications Jammed . | . . . . Distress Signals . | . . . . Times Spotted 24 | . 2 . 22 Peak Tracking Total 14 | . 2 . 14 Tactical Retreats . | . . . . Traps | -11 -10 -10 -9 ------- Run | Yrd Mat Min Mat Traps Triggered 1 | . . 1 . Indirectly . | . . . . Trap Hack Attempts . | . . . . Triggered . | . . . . Disarmed . | . . . . Reprogrammed . | . . . . Reused . | . . . . Traps Extracted . | . . . . Installed . | . . . . Triggered . | . . . . Machines | -11 -10 -10 -9 ---------- Run | Yrd Mat Min Mat Machines Disabled 1 | . . . 1 Max in Single Turn 1 | . . . 1 Machines Repaired . | . . . . Machines Dismantled . | . . . . Machines Sabotaged . | . . . . Overloaded Fab Kills . | . . . . Hacking | -11 -10 -10 -9 --------- Run | Yrd Mat Min Mat Machines Accessed 6 | . 2 1 3 Terminals 5 | . 2 . 3 Fabricators . | . . . . Repair Stations . | . . . . Recycling Units . | . . . . Scanalyzers . | . . . . Garrison Access . | . . . . Total Hacks 22 | . 10 1 11 Successful 13 | . 5 1 7 Failed 9 | . 5 . 4 Catastrophic 1 | . . . 1 Database Lockouts . | . . . . Manual . | . . . . Terminals 21 | . 10 . 11 Fabricators . | . . . . Repair Stations . | . . . . Recycling Units . | . . . . Scanalyzers . | . . . . Garrison Access . | . . . . Terminal Hacks 13 | . 5 1 7 Record 6 | . 3 . 3 Open Door 1 | . . 1 . Alert Level 2 | . 1 . 1 Maintenance Status 1 | . . . 1 Recall Investigation 1 | . . . 1 Zone Layout 2 | . 1 . 1 Fabricator Hacks . | . . . . Repair Station Hacks . | . . . . Recycling Unit Hacks . | . . . . Scanalyzer . | . . . . Garrison Access Hacks . | . . . . Unauthorized Hacks . | . . . . Terminals . | . . . . Fabricators . | . . . . Repair Stations . | . . . . Recycling Units . | . . . . Scanalyzers . | . . . . Garrison Access . | . . . . Data Cores Recovered . | . . . . Used . | . . . . Hacking Detections 5 | . 2 . 3 Full Trace Events 2 | . 1 . 1 Feedback Events . | . . . . Feedback Blocked . | . . . . Robot Schematics Acquired . | . . . . Robots Built . | . . . . Authchips . | . . . . Time . | . . . . Total Robot Build Rating . | . . . . Part Schematics Acquired . | . . . . Parts Built . | . . . . Authchips . | . . . . Time . | . . . . Total Part Build Rating . | . . . . Part Studies Acquired . | . . . . Parts Repaired . | . . . . Time . | . . . . Parts Recycled . | . . . . Recycled Matter . | . . . . Retrieved Matter . | . . . . Retrieved Components . | . . . . Parts Scanalyzed . | . . . . Part Schematics Acquired . | . . . . Parts Damaged . | . . . . Bothacking | -11 -10 -10 -9 ------------ Run | Yrd Mat Min Mat Used RIF Installer . | . . . . Robots Hacked . | . . . . Non-combat . | . . . . Combat . | . . . . Robot Hacks Applied . | . . . . Relay Couplers Released . | . . . . Fabnet Peak Effective % . | . . . . Robots Rewired . | . . . . Allies Hacked . | . . . . Hacks Repelled . | . . . . Allies | -11 -10 -10 -9 -------- Run | Yrd Mat Min Mat Total Allies . | . . . . Largest Group . | . . . . Highest-Rated Group . | . . . . Highest-Rated Ally . | . . . . Total Orders . | . . . . Ally Attacks . | . . . . Total Damage . | . . . . Kills . | . . . . Allies Corrupted . | . . . . Allies Melted . | . . . . Intel | -11 -10 -10 -9 ------- Run | Yrd Mat Min Mat Active Infowar (turns) 425 | . . 147 278 Terrain 425 | . . 147 278 Robot Analysis Total . | . . . . Derelict Logs Recovered 1 | . . 1 . Drone Launches . | . . . . Drone Recoveries . | . . . . Exploration | -11 -10 -10 -9 ------------- Run | Yrd Mat Min Mat Turns Passed 788 | 81 120 297 290 Spaces Moved 532 | 57 62 241 172 Core 38 | 28 . . 10 Treads 102 | 29 62 11 . Legs . | . . . . Wheels 323 | . . 161 162 Hover 69 | . . 69 . Flight . | . . . . Fastest Speed 50 | 50 160 65 95 Average Speed 118 | 105 160 112 116 Slowest Speed 350 | 160 160 185 350 Overloaded Moves . | . . . . Propulsion Burnouts . | . . . . Robots Hopped . | . . . . Potential Cave-ins 1 | . . . 1 Cave-ins Triggered . | . . . . Exploration Rate (%) 27 | 4 16 56 34 Regions Visited 3 Branch Regions 1 Pre-discovered Areas . | . . . . Known Exits Taken . | . . . . Unknown Exits Taken 3 | 1 1 1 . Scrap Searched . | . . . . Spaces Dug . | . . . . Terrain Destroyed 37 | . . . 37 Melee . | . . . . Projectile 1 | . . . 1 AOE 36 | . . . 36 Terrain Rammed . | . . . . Walls Destroyed . | . . . . Machines Disabled . | . . . . Actions | -11 -10 -10 -9 --------- Run | Yrd Mat Min Mat Total 635 | 75 70 272 218 Wait 11 | 1 . 4 6 Move 529 | 56 61 240 172 Hop . | . . . . Pick Up 22 | 7 2 9 4 Fast Attach . | . . . . Attach 21 | 6 . 8 7 Detach 5 | . . 4 1 Swap 3 | . 1 . 2 Drop 6 | . . 5 1 Fire 30 | . 6 . 24 Melee . | . . . . Ram 2 | . . 2 . Kick . | . . . . Crush 5 | 5 . . . Escape Stasis . | . . . . Rewire 1 | . . . 1 Trap . | . . . . Miscellaneous . | . . . . Route ------- -11/Scrapyard -10/Materials -10/Mines -9/Materials History --------- Turn | Location | Event 9 | -11/Scrapyard | Discovered new exit (range 16) 82 | -11/Scrapyard | Entered Materials 187 | -10/Materials | Discovered new exit (range 10) 202 | -10/Materials | Entered Mines 300 | -10/Mines | Build established: Mutant 328 | -10/Mines | A weapon hastily lodged in a ceiling crevice suddenly fell to the ground 353 | -10/Mines | Met a Derelict who couldn't figure out how to use a Trap Extractor 414 | -10/Mines | Learned Materials terminal intel 464 | -10/Mines | Discovered new exit (range 14) 499 | -10/Mines | Entered Materials 499 | -9/Materials | Evolved 2 slots: Utility x2 500 | -9/Materials | Loaded intel: 10 terminal locations 774 | -9/Materials | Core integrity fell below 50% 785 | -9/Materials | Core integrity fell below 20% 789 | -9/Materials | Destroyed by G-34 Mercenary with Small Laser Last Messages --------------- U-05 Engineer builds a Door. U-05 Engineer builds a Wall. R-06 Scavenger collects Lgt. Armor Plating. R-06 Scavenger collects Heat Sink. U-05 Engineer builds a Wall. R-06 Scavenger collects Ion Engine. U-05 Engineer builds a Wall. R-06 Scavenger collects Flight Unit. Hvy. Assault Rifle destroyed. U-05 Engineer lays Concrete. R-06 Scavenger collects Flight Unit. U-05 Engineer lays Concrete. S-10 Pest destroyed. G-47 Trooper destroyed. Ion Cannon destroyed. Terrain Scanner destroyed. U-05 Engineer lays Concrete. Recycling unit begins matter transfer process. U-05 Engineer lays Concrete. S-10 Pest destroyed. Map ----- +----------------------------------------------------+ | ????????????????????????????????????????????? | | ????????????????????????????????????????????? | | ????????????????????????????????????????????? | | ????????????????????????????????????????????? | | ????????????????????????????????????????????? | | ????????????????????????????????????????????? | | ????????????????????????????????????????????? | | ????????????????????????????????????????????? | | ????????????????????????????????????????????? | | ????????????????????????????????????????????? | | ???????????????????? ???????????????????"T"?? | | ???????????????????? ???????????????????????? | | ?????????????? ????? ???????????????????????? | | ????????????? ???? ???????????????????????? | | ?????????????? #### ???????????????????????? | | ??????????????? ???????????????????????? | | ??????????????? ???????????????????????? | | ???????????????? #??????????????????????? | | ????????????????# #???? ???????????????? | | ????????????????# #????"Y"???????????????? | | ?????????????#??# +??? ""????????????????? | | ????????????????# #??? ?????????????????? | | ????????????????# ##??+#?????????????????? | | ????????????????# ### ###### #??????????? | | ????????????????# t #??????????? | | ????????????????+ !@ r #????????????????? | | ??????????????? # ^!! #????? ??????????? | | ???????????"????# !!! #?"????? ????????? | | ???????? ???????# !! #?T??????????????? | | ????????????????# =% #?"????? ????????? | | ?????????????#### ggss + ?????????????? | | ?????????? Y "" ss # "???#??????? | | ??????????######## ""!%###? ""?????????? | | ?????????????????#^^^T" [#?#?? """??????### | | ?????????????????# s"" %##???#?###??????? | | ?????????????????+ "" ######?????????? | | ?????????????????# r # #????#????" | | ?????????????????# # # ##???????? | | ?????????????????### # /#/# #####??"?? | | ?????????????????#?# # =% #????? | | ????????????????? ?# # %=# ### #????? | | ??????????????? ???#?# [ #?# #??? ? | | ????????????????? ??# [% ##?# #??? | | ?????????????????????# # ?##/#######/# | | ?????????????????????#### ###### # | | ????????????????????? ?+ # | | ????????????????????+## ########?# / % | | ??????????????????? ??# ?????????# #% | | ???????????????""T""??/ ???#?????# # % | | ???????????????""""" # ?????????# # | +----------------------------------------------------+ Best States ------------- Heat Dissipation 28 Energy Generation 14 Energy Capacity 275 Matter Stores 300 Matter Capacity 300 Sight Range 16 Terrain Scan Range 14 Terrain Scan Density 10 Armor Coverage 150 Resistance: KI 20 Evasion (%) 50 Recoil Reduction 2 Offensive Hacking 10 Trap Extractor Capacity 6 Item Schematics ----------------- None Robot Schematics ------------------ None Fabricated ------------ Nothing Repaired ---------- Nothing Studied --------- None Alien Tech Used ----------------- None Achievements -------------- None Challenges ------------ None Game ------ Seed GravmagMobileBay Manual? 0 Play Time 00:26:53 Cumulative 3.9 hours Start 2026.01.15 @ 07:14:20 End 2026.01.15 @ 17:58:15 Sessions 3 Manual Loads 0 Difficulty Rogue Special Mode None Game No. 6 Rogue 6 Adventurer 0 Explorer 0 Win Type - Total 0 Types 0/0/0/0/0/0/0/0/0/0 Lore% 1 Gallery% 6 Achievement% 6 Wizard Run 0 Options --------- Layout 1 ASCII 0 Keyboard 0 Movement Numpad Keybinds 0 Fullscreen 1 Font 32/SmallcapsGlow Map View 50x35 Zoom Use 0% Tactical HUD 0 Map Filters NONE Filters NONE Steam 1 RUN: fab65635-168f-411d-a12f-36ed183f3d4e